cohdb
Replays
Latest Replays
All Replays
Popular Replays
Top Player Replays
Match Explorer
How It Works
Community
CoH3 Stats
Reddit
Sign in to upload your games and track your stats! →
Sign in with Steam
Match 43782809
Unlisted
Match 43782809
Overview
Messages
Build Orders
End
Panzergrenadier Squad
250 Light Carrier
Construct Light Support Kompanie
MG34 Team
Assault Grenadier Squad
Fire Support Elements
2.5-tonne Medical Truck
Pak 38 Anti-tank Gun Team
le.IG 18 Support Gun Team
Panzerjäger Squad
Construct Mechanized Kompanie
Construct Panzerarmee Kommand
Selects Battlefield Espionage Battlegroup
Selects Intel Disruption Beacon
Selects Transfer Depots
Selects Disruption Operation
2.5-tonne Medical Truck
Armored Reserves
Selects 250/3 Funkpanzerwagen
Disruption Operation
Tiger Heavy Tank
Selects Advanced Ambush Training
Selects Operation Skorpion
Assault Grenadier Squad
Panzerpioneer Squad
Tiger Heavy Tank
[SBLM] Luciboof
黄色的鸟
hogarthw
DeSack'O'Potatoes
Ray Nienholds
ajxander567
0
0
Comments
sign in to comment!
No comments posted yet!